AoeStats
← toxicity011

Arena

510612839Analyzed
1v1 RM · 2d ago on Oct 1, 2026· 40m 27s· 2 players
Game mode
Random Map
Map size
Tiny (2 player)
Population
200
Speed
Normal
Resources
Standard
Victory
Conquest
Starting age
Dark Age
Ending age
Imperial Age
RankedLock teamsTeams togetherTeam positionsShared explorationLock speedFull tech treeHidden civsTurbo modeCheats
Victory
Defeat
🇨🇦 Britons · Canada
391
+18
🇮🇳 Teutons · India
427
-18
TenseGold4853
4:21 Loom
4:27 Loom
5:38 Loom
9:16 Feudal Age
9:49 Horse Collar
10:04 Double-Bit Axe
12:45 Wheelbarrow
19:48 Castle Age
19:57 Scale Mail Armor
19:59 Padded Archer Armor
20:10 Forging
21:06 Hand Cart
20:44 Pikeman
21:44 Town Watch
22:06 Heavy Plow
22:18 Bow Saw
22:03 Gold Mining
22:04 Stone Mining
23:45 Stone Mining
24:33 Gold Shaft Mining
24:20 Squires
27:04 Scale Barding Armor
26:50 Fletching
28:24 Husbandry
29:58 Town Patrol
31:04 Chain Mail Armor
30:44 Bodkin Arrow
36:46 Imperial Age
37:31 Yeomen
37:31 Murder Holes
37:47 Fortified Wall
37:22 Arrowslits
37:59 Ballistics
38:31 Halberdier
39:59 Cavalier
toxicity011
12:31 Feudal Age
13:34 Double-Bit Axe
13:32 Horse Collar
13:45 Gold Mining
15:29 Stone Mining
16:04 Loom
16:05 Town Watch
18:19 Wheelbarrow
18:58 Scale Barding Armor
22:39 Castle Age
21:49 Bloodlines
28:00 Town Patrol
28:16 Hand Cart
30:40 Stone Shaft Mining
32:13 Crossbowman
Connection lost

Rejoining the realm…

Still unreachable

The connection could not be restored.

Session expired

The server has moved on; the page needs a fresh start.